Map: Para Site LE

Players

thelolacaust

  • Race: Protoss Protoss
  • League: Platinum
  • Spawn Location: 5:00

BaldSeagull - Winner!

  • Race: Zerg Zerg
  • League: Platinum
  • Spawn Location: 11:00

VOD

Have the link to the VOD?

Description

Time

  • Played on: Dec. 10, 2018, 11:13 p.m.
  • Length: 3:55
Show
View Real Time Build Order
Export as new Build Order

thelolacaust Protoss 

Build Orders:  

Get SALT Encoding   

  12  0:01  Probe  
  13  0:13  Probe  
  14  0:19  Pylon  
  14  0:25  Probe  
  15  0:36  Probe  
  15  0:41  Gateway  
  16  0:44  Probe  
  16  0:49  Assimilator  
  17  0:52  Probe  
  18  1:05  Probe  
  19  1:13  Probe  
  20  1:21  Probe  
  21  1:31  Cybernetics Core  
  21  1:34  Forge  
  21  1:48  Pylon  
  21  1:52  Assimilator  
  21  1:53  Probe  
  22  2:05  Probe, Zealot  
  25  2:17  Probe  
  26  2:23  Stalker  
  26  2:29  Probe  
  29  2:41  Probe  
  30  2:46  Nexus  
  30  2:57  Photon Cannon  
  30  3:00  Photon Cannon  
  30  3:02  Shield Battery  
  30  3:04  Photon Cannon  
  30  3:12  Photon Cannon  
  26  3:17  Shield Battery  
  26  3:20  Photon Cannon  
Show
View Real Time Build Order
Export as new Build Order

BaldSeagull Zerg - Winner!

Build Orders: Hatch First 

Get SALT Encoding   

  12  0:01  Drone  
  13  0:14  Overlord  
  13  0:17  Drone  
  14  0:33  Drone x2  
  16  0:54  Hatchery  
  15  1:06  Spawning Pool  
  15  1:09  Drone  
  15  1:13  Drone  
  15  1:16  Drone  
  17  1:24  Overlord  
  17  1:38  Drone  
  18  2:05  Queen  
  18  2:07  Zergling x4  
  22  2:09  Spine Crawler  
  22  2:12  Spine Crawler  
  22  2:15  Spine Crawler  
  19  2:16  Zergling x4  
  19  2:18  Zergling x2  
  19  2:22  Zergling x2  
  23  2:31  Zergling x4  
  25  2:39  Zergling x4  
  26  2:54  Zergling x4  
  27  3:03  Zergling x4  
  27  3:11  Zergling x2  
  27  3:13  Queen  
  27  3:14  Zergling x2  
  30  3:28  Zergling x4  
  29  3:43  Drone  
Tags
 
Add a new tag
Caveats
  • Supply blocks, unpowered buildings, or Contaminate may cause inaccurate times.
  • Supply counts are checked every 10 seconds.